 Dungeon Crawl Stone Soup version 0.17.1-3-g152610e (webtiles) character file.

482 kaze the Covert (level 6, -1/30 HPs)
             Began as a Spriggan Assassin on Apr 6, 2016.
             Slain by an orc priest
             ... wielding a +0 trident
              (2 damage)
             ... on level 4 of the Dungeon.
             The game lasted 00:11:57 (4930 turns).

kaze the Covert (Spriggan Assassin)                 Turns: 4930, Time: 00:11:57

Health: -1/30      AC:  4    Str:  7    XL:     6   Next: 87%
Magic:  7/7        EV: 20    Int: 12    God:
Gold:   133        SH:  0    Dex: 20    Spells: 0 memorised, 5 levels left

rFire  . . .     SeeInvis +     a - +2 dagger
rCold  . . .     Clarity  .     c - +1 robe
rNeg   . . .     SustAt   +     (shield restricted)
rPois  .         Gourm    .     (helmet restricted)
rElec  .         Spirit   .     d - +0 cloak
rCorr  .         Warding  .     (gloves unavailable)
rMut   .         Stasis   .     (boots unavailable)
MR     +....                    (no amulet)
Stlth  +++++.....               (no ring)
                                n - ring of sustain attributes

@: very quick, somewhat resistant to hostile enchantments, quite stealthy
A: unfitting armour, see invisible, herbivore 3, speed 3, slow metabolism 2
a: no special abilities


You were on level 4 of the Dungeon.
You were full.

You visited 1 branch of the dungeon, and saw 4 of its levels.

You collected 133 gold pieces.

Inventory:

Hand Weapons
 a - a +2 dagger (weapon)
 b - a +0 blowgun
 h - a +0 hunting sling
Missiles
 e - 3 poisoned needles
 f - 2 curare-tipped needles
 k - 8 tomahawks (quivered)
 m - 10 sling bullets
 p - 93 stones
Armour
 c - a +1 robe (worn)
 d - a +0 cloak (worn)
 r - a cursed +0 robe
Jewellery
 l - a cursed ring of teleportation {unknown}
 n - a ring of sustain attributes (left hand)
Wands
 s - a wand of magic darts (20)
Scrolls
 i - a scroll of remove curse
 j - a scroll of blinking {unknown}
 w - a scroll of teleportation {unknown}
 x - a scroll of identify {unknown}
 y - a scroll of immolation {unknown}
 z - a scroll of random uselessness {unknown}
Potions
 o - 2 potions of haste {unknown}
 q - a potion of heal wounds {unknown}
 t - a potion of degeneration {unknown}
 u - a potion of poison {unknown}
 v - 2 potions of curing {unknown}
Comestibles
 g - a bread ration


   Skills:
 + Level 2.0 Fighting
 + Level 2.6 Short Blades
 + Level 3.4(4.6) Slings
 + Level 3.8(4.3) Throwing
 + Level 3.9 Dodging
 + Level 9.0 Stealth


You had 5 spell levels left.
You didn't know any spells.

Dungeon Overview and Level Annotations

Branches:
Dungeon (4/15)
 Temple: D:4-7

Altars:
Okawaru

Annotations:
D:4 Pikel


Innate Abilities, Weirdness & Mutations

You are tiny and cannot use many weapons and most armour.
You have supernaturally acute eyesight.
You are a herbivore.
You cover ground extremely quickly.
You need consume almost no food.


Message History

The orc priest looks even sicker.
Firing (i - inventory. (,) - cycle):
e - 6 poisoned needles (quivered)
Press: ? - help, Shift-Dir - straight line, f/p - orc priest
Aim: an orc priest, wielding a trident (lightly wounded, poisoned)
You shoot a poisoned needle.
The poisoned needle closely misses the orc priest.
Firing (i - inventory. (,) - cycle):
e - 5 poisoned needles (quivered)
Press: ? - help, Shift-Dir - straight line, f/p - orc priest
Aim: an orc priest, wielding a trident (lightly wounded, poisoned)
You shoot a poisoned needle.
The poisoned needle barely misses the orc priest.
Firing (i - inventory. (,) - cycle):
e - 4 poisoned needles (quivered)
Press: ? - help, Shift-Dir - straight line, f/p - orc priest
Aim: an orc priest, wielding a trident (moderately wounded, poisoned)
You shoot a poisoned needle.
The poisoned needle barely misses the orc priest.
The orc priest barely misses you.
a - a +2 dagger (weapon)
The orc priest hits you with a trident.
You die...

###.(......## ##.(...###
######## ##(.###
#......## #...##
#..<..†.#####...##
#.........# ##(..#####.
#..........###)(........
#..........##...o.#####
#.#+#.........##@.## ..
+.......####...#
..#+#......## #...#
...........# #...#
.........## #..##
%........# #..#
.........# #..#
.######### ####


You could see an orc priest.

Vanquished Creatures
  An ogre (D:4)
  An orc priest (D:3)
  A crimson imp (D:3)
  A jelly (D:3)
  A giant frog skeleton (D:4)
  An orc wizard (D:3)
  Natasha (thrice) (D:2)
  8 adders
  3 gnolls (D:2)
  A river rat (D:3)
  An ooze (D:3)
  2 worms
  6 giant geckos
  6 orcs
  7 bats
  8 giant cockroaches
  8 goblins
  9 hobgoblins
  2 jackals (D:1)
  7 giant newts
  6 kobolds
  11 rats
94 creatures vanquished.

Notes
Turn   | Place    | Note
--------------------------------------------------------------
     0 | D:1      | kaze the Spriggan Assassin began the quest for the Orb.
     0 | D:1      | Reached XP level 1. HP: 10/10 MP: 2/2
    93 | D:1      | Reached skill level 6 in Stealth
   374 | D:1      | Reached XP level 2. HP: 15/15 MP: 3/3
   947 | D:2      | Reached skill level 7 in Stealth
   947 | D:2      | Reached XP level 3. HP: 18/18 MP: 4/4
  1187 | D:2      | Reached skill level 1 in Slings
  1847 | D:2      | Noticed Natasha
  1856 | D:2      | Killed Natasha
  1856 | D:2      | Reached XP level 4. HP: 5/23 MP: 5/5
  2259 | D:2      | Reached XP level 5. HP: 3/26 MP: 6/6
  2747 | D:2      | Noticed Natasha
  2757 | D:2      | Killed Natasha
  2758 | D:2      | Noticed Natasha
  2768 | D:2      | Killed Natasha
  3427 | D:3      | Found an iron altar of Okawaru.
  3442 | D:3      | Reached skill level 8 in Stealth
  3941 | D:3      | HP: 1/26 [orc priest/divine providence (11)]
  3972 | D:3      | Reached XP level 6. HP: 2/30 MP: 7/7
  4755 | D:4      | Noticed Pikel
  4849 | D:4      | Reached skill level 9 in Stealth
  4924 | D:4      | HP: 1/30 [orc priest/divine providence (9)]
  4930 | D:4      | Slain by an orc priest

Action                   |  1- 3 |  4- 6 || total
-------------------------+-------+-------++-------
Melee: Dagger            |    47 |   149 ||   196
 Fire: Hunting sling     |    41 |    41 ||    82
       Blowgun           |     2 |   108 ||   110
Throw: Tomahawk          |       |     4 ||     4
  Use: Scroll            |     3 |     2 ||     5
 Stab: Sleeping          |    12 |    20 ||    32
       Distracted        |       |     1 ||     1
  Eat: Bread ration      |       |     1 ||     1
